 Dungeon Crawl Stone Soup version 0.31-a0-486-g8d68a81214 (webtiles) character file.

Game seed: 5210495084134794779

9 AstroCodex24 the Trooper (level 2, 0/23 HPs)
             Began as a Vampire Fighter on Aug 7, 2023.
             Slain by an iguana (7 damage)
             ... on level 5 of the Dungeon.
             The game lasted 00:01:16 (308 turns).

AstroCodex24 the Trooper (Vampire Fighter)           Turns: 308, Time: 00:01:16

Health: 0/23       AC:  6    Str: 15    XL:     2   Next: 6%
Magic:  2/2        EV:  8    Int: 10    God:
Gold:   42         SH:  4    Dex: 13    Spells: 1/1 levels left

rFire   . . .        a - +0 war axe
rCold   . . .        c - +0 buckler
rNeg    . . .        b - +0 scale mail
rPois   .            (no helmet)
rElec   .            (no cloak)
rCorr   .            (no gloves)
SInv    +            (no boots)
Will    .....        (no amulet) Stlth
                     (no ring)
HPRegen 0.43/turn    (no ring)
MPRegen 0.08/turn

%: no passive effects
@: healing quickly
A: alive, fangs 3, see invisible, vampiric 1
a: Exsanguinate


You were on level 5 of the Dungeon.
You visited 1 branch of the dungeon, and saw 5 of its levels.

You collected 42 gold pieces.

Inventory:

Hand Weapons
 a - a +0 war axe (weapon)
Armour
 b - a +0 scale mail (worn)
 c - a +0 buckler (worn)
Scrolls
 e - a scroll of fear {unknown}
Potions
 d - a potion of might
 f - a potion of invisibility {unknown}
 g - a potion of heal wounds {unknown}
 h - a potion of degeneration {unknown}
 i - a potion of curing {unknown}


   Skills:
 + Level 2.9 Fighting
 + Level 1.9 Axes
 + Level 2.5 Armour
 + Level 2.8 Shields


You had one spell level left.
You didn't know any spells.
Your spell library was empty.

Dungeon Overview and Level Annotations

Branches:
Dungeon (5/15)
 Temple: D:4-7

Altars:


Innate Abilities, Weirdness & Mutations

Your natural rate of healing is accelerated.
You have razor-sharp teeth.
You have supernaturally acute eyesight. (SInv)
You are afflicted with vampirism.


Message History

The orc is lightly wounded.
You block the orc's attack.
You slash the orc!
You kill the orc!
Things that are here:
a +0 dagger; a +0 ring mail; an orc corpse A bat comes into view.
You slash the bat!
You kill the bat!
You have reached level 2!
Found 12 gold pieces.
An endoplasm comes into view.
Found a stone staircase leading down.
The endoplasm barely misses you.
You slash the endoplasm!
You kill the endoplasm!
Found 12 gold pieces.
You now have 30 gold pieces (gained 12).
You now have 42 gold pieces (gained 12).
There is a stone staircase leading down here.
You climb downwards.
Found a murky clear potion.
There is a stone staircase leading up here.
i - a murky clear potion
Found an escape hatch in the ceiling.
There is an escape hatch in the ceiling here.
Found a stone staircase leading down.
There is a stone staircase leading down here.
You climb downwards.
There is a stone staircase leading up here.
An iguana comes into view.
The iguana hisses angrily.
The iguana bites you! The iguana bites you!
* * * LOW HITPOINT WARNING * * *
You closely miss the iguana.
The iguana bites you but does no damage.
You completely miss the iguana.
The iguana bites you but does no damage.
You closely miss the iguana. The iguana bites you!
You die...

.....# #..###..
......# #...#...
.......### #......
.......#.#### #....#
............# #...#
............###...#
................l.#
#.....<........@.#
.............####...#
..............#
###.....
#..........#### #####
#####.###### ##


You could see an iguana.

Vanquished Creatures
  An orc (D:3)
  2 endoplasms
  A hobgoblin (D:2)
  2 kobolds (D:1)
  A bat (D:3)
  A rat (D:3)
8 creatures vanquished.

Notes
Turn   | Place    | Note
-------+----------+-------------------------------------------
     0 | D:1      | AstroCodex24 the Vampire Fighter began the quest for the
                  | Orb.
     0 | D:1      | Reached XP level 1. HP: 17/17 MP: 1/1
   225 | D:3      | Reached XP level 2. HP: 23/23 MP: 2/2
   294 | D:5      | Entered Level 5 of the Dungeon
   308 | D:5      | Slain by an iguana

Illustrated notes

Levels and vault maps discovered:
D:1:      lemuel_arrival_muddy, layout_loops_cross, nicolae_figureground_sparkle
D:2:      layout_basic, serial_forest, infiniplex_forest_clump_C,
          infiniplex_forest_straight_4, infiniplex_forest_lined_3,
          infiniplex_forest_3_way, infiniplex_forest_straight_2,
          infiniplex_forest_lined_room_2, infiniplex_forest_lined_1
D:3:      minmay_evil_eye, layout_basic
D:4:      layout_loops_ring
D:5:      nicolae_cairo_tiling, layout_cave_pods, minmay_strange_pillars

Action                     || total
---------------------------++-------
  Melee: War axe           ||    23
         Bite              ||     2
 Armour: Scale mail        ||     7
  Dodge: Dodged            ||     4
  Block: Buckler           ||     4

Table legend: (Time is in decaauts)
 A = Elapsed time spent in this place.
 B = Non-inter-level travel time spent in this place.
 C = Inter-level travel time spent in this place.
 D = Time resting spent in this place.
 E = Time spent auto-exploring this place.
 F = Levels seen in this place.
 G = Mean time per level.
                   A        B        C        D        E       F      G
               +--------+--------+--------+--------+--------+-----+--------+
         Total |    317 |    310 |      7 |      0 |      0 |   5 |   63.4 |
       Dungeon |    317 |    310 |      7 |      0 |      0 |   5 |   63.4 |
               +--------+--------+--------+--------+--------+-----+--------+

Top non-repeatable levels by time:
     D:2: 108 daAuts
     D:1: 97 daAuts
     D:3: 65 daAuts
     D:4: 31 daAuts
     D:5: 14 daAuts
